AoeStats
← eyupfc

Arabia

507712178Analyzed
4v4 RM · 13d ago on Sep 19, 2026· 52m 10s· 8 players
Game mode
Random Map
Map size
Large (8 player)
Population
200
Speed
Normal
Resources
Standard
Victory
Conquest
Starting age
Dark Age
Ending age
Imperial Age
RankedLock teamsTeams togetherTeam positionsShared explorationLock speedFull tech treeHidden civsTurbo modeCheats
Victory
Defeat
🇨🇳 Dravidians · China
1173
+15
🇰🇷 Britons · South Korea
1131
+17
1113
+18
🇮🇳 Gurjaras · India
1095
+18
🇹🇷 Tupi · Türkiye
1186
-18
🇬🇷 Vikings · Greece
1177
-18
🇳🇱 Huns · Netherlands
1157
-17
🇵🇱 Jurchens · Poland
1095
-15
KoryT
6:47 Loom
9:51 Feudal Age
10:24 Double-Bit Axe
13:58 Scale Barding Armor
14:47 Forging
16:24 Bloodlines
21:29 Castle Age
22:59 Gold Mining
23:22 Husbandry
23:58 Horse Collar
28:54 Padded Archer Armor
31:37 Squires
34:33 Gold Shaft Mining
35:25 Elite Skirmisher
36:15 Fletching
36:30 Scale Mail Armor
37:24 Ballistics
39:00 Wheelbarrow
40:20 Bodkin Arrow
41:21 Chain Barding Armor
41:25 Pikeman
42:22 Chain Mail Armor
51:29 Leather Archer Armor
boo
10:33 Feudal Age
10:11 Loom
17:35 Castle Age
20:55 Crossbowman
22:57 Fletching
23:20 Padded Archer Armor
24:43 Leather Archer Armor
25:01 Forging
25:39 Scale Mail Armor
26:55 Bodkin Arrow
34:50 Chain Mail Armor
Medina90
7:05 Loom
9:21 Feudal Age
20:33 Wheelbarrow
23:23 Castle Age
21:19 Double-Bit Axe
23:41 Bloodlines
23:38 Scale Barding Armor
23:43 Forging
26:50 Hand Cart
29:12 Gold Mining
29:34 Bow Saw
32:58 Chain Barding Armor
33:13 Iron Casting
45:10 Iron Casting
49:53 Imperial Age
47:40 Husbandry
49:11 Fletching
49:21 Padded Archer Armor
51:14 Bodkin Arrow
51:34 Leather Archer Armor
eyupfc
7:00 Loom
9:52 Feudal Age
11:00 Double-Bit Axe
20:00 Padded Archer Armor
19:50 Fletching
20:03 Padded Archer Armor
24:44 Castle Age
24:53 Horse Collar
25:04 Gold Mining
25:43 Crossbowman
27:00 Stone Mining
27:47 Wheelbarrow
28:36 Bodkin Arrow
29:44 Ballistics
32:26 Leather Archer Armor
39:38 Imperial Age
37:26 Hand Cart
36:56 Town Watch
39:58 Bow Saw
39:49 Heavy Plow
40:25 Gold Shaft Mining
39:46 Elite Blackwood Archer
40:48 Conscription
40:35 Curare
44:22 Chemistry
45:11 Elite Skirmisher
47:04 Murder Holes
47:11 Bracer
50:07 Ring Archer Armor
42 aldeanos fueron a lo del tano
6:32 Loom
9:43 Feudal Age
10:16 Double-Bit Axe
18:38 Bloodlines
23:14 Castle Age
22:34 Horse Collar
24:02 Scale Barding Armor
24:33 Gold Mining
27:24 Chain Barding Armor
28:40 Gold Shaft Mining
30:19 Husbandry
33:32 Stone Mining
34:20 Wheelbarrow
33:38 Fletching
33:48 Padded Archer Armor
34:03 Light Cavalry
36:14 Elite Skirmisher
36:55 Bodkin Arrow
37:15 Leather Archer Armor
KIM JONG UN
10:54 Feudal Age
11:50 Double-Bit Axe
14:28 Wheelbarrow
17:11 Fletching
18:19 Padded Archer Armor
21:35 Loom
29:17 Gold Mining
33:39 Castle Age
48:17 Elite Skirmisher
48:56 Bodkin Arrow
52:04 Hand Cart
52:47 Bow Saw
daitoudaguo
5:20 Loom
9:45 Feudal Age
10:31 Double-Bit Axe
15:59 Fletching
16:27 Horse Collar
19:59 Wheelbarrow
20:15 Padded Archer Armor
22:57 Castle Age
21:44 Gold Mining
22:34 Town Watch
23:53 Bodkin Arrow
23:20 Crossbowman
24:19 Bow Saw
25:40 Ballistics
27:11 Thumb Ring
28:44 Hand Cart
32:20 Heavy Plow
33:50 Stone Mining
40:03 Imperial Age
38:49 Leather Archer Armor
38:51 Husbandry
41:54 Chemistry
41:17 Conscription
41:03 Bracer
41:34 Ring Archer Armor
42:03 Elite Elephant Archer
48:44 Two-Man Saw
48:27 Wootz Steel
快乐的小跑
11:08 Feudal Age
11:16 Loom
20:47 Castle Age
18:59 Horse Collar
21:11 Forging
21:15 Scale Barding Armor
21:47 Bloodlines
22:23 Husbandry
22:16 Light Cavalry
32:15 Iron Casting
32:00 Chain Barding Armor
34:00 Double-Bit Axe
34:17 Heavy Plow
35:34 Chain Barding Armor
39:06 Wheelbarrow
44:39 Imperial Age
43:57 Town Watch
45:05 Hussar
47:18 Heavy Camel Rider
Connection lost

Rejoining the realm…

Still unreachable

The connection could not be restored.

Session expired

The server has moved on; the page needs a fresh start.